 Dungeon Crawl Stone Soup version 0.30-a0-760-g5a9884bb7c (webtiles) character file.

Game seed: 18036130283609176339

15001 Leeroy the Carver (level 12, 0/61 HPs)
             Began as a Vine Stalker Warper on Feb 10, 2023.
             Was an Elder of Wu Jian.
             Slain by an orc warrior
             ... wielding a +0 glaive
              (10 damage)
             ... on level 1 of the Orcish Mines.
             The game lasted 00:16:13 (9031 turns).

Leeroy the Carver (Vine Stalker Warper)             Turns: 9031, Time: 00:16:13

Health: 0/61       AC:  5    Str: 18    XL:     12   Next: 22%
Magic:  0/25       EV: 16    Int: 13    God:    Wu Jian [****..]
Gold:   942        SH:  0    Dex: 17    Spells: 7/27 levels left

rFire   . . .      SeeInvis .    v - +0 scimitar
rCold   + + .      Faith    .    (no shield)
rNeg    . . .      Spirit   +    E - +0 troll leather armour
rPois   .          Reflect  .    (no helmet)
rElec   .          Harm     .    (no cloak)
rCorr   +          Rampage  .    K - +0 pair of gloves
Will    +....                    (no boots)
Stlth   +                        (no amulet)
HPRegen 1.90/turn                N - ring of Lilacs {rC+ rCorr Str+2}
MPRegen 0.19/turn                R - ring of protection from cold

@: no status effects
A: fangs 3, regeneration 1, magic shield, antimagic bite, no potion heal 2
a: Renounce Religion, Wall Jump, Serpent's Lash


You were on level 1 of the Orcish Mines.
You worshipped Wu Jian.
Wu Jian was greatly pleased with you.
You visited 3 branches of the dungeon, and saw 11 of its levels.
You also visited: Bailey.

You collected 942 gold pieces.

Inventory:

Hand Weapons
 c - a +10 battleaxe
 m - the +10 spear of the Distant Future {venom, Str+2 Int+4}
   (You found it on level 2 of the Dungeon)

   Str:       It affects your strength (+2).
   Int:       It affects your intelligence (+4).
 r - a +0 short sword of freezing
 s - a +0 lajatang
 v - a +0 scimitar (weapon)
 H - a +3 short sword
 J - a +2 dagger of venom
 V - a +1 dagger of electrocution
 W - a +0 short sword of venom
Missiles
 d - 6 boomerangs of dispersal
 q - 23 poisoned darts
 M - 9 boomerangs
 T - 2 throwing nets
 U - 2 atropa-tipped darts
Armour
 b - +0 acid dragon scales
 E - a +0 troll leather armour (worn)
 K - a +0 pair of gloves (worn)
 Y - an orb of energy
 Z - an orb of wrath
Magical Staves
 B - a staff of earth
Jewellery
 a - a ring of protection from cold
 N - the ring of Lilacs (left hand) {rC+ rCorr Str+2}
   (You took it off a goblin in a bailey)

   [ring of protection from cold]

   Str:       It affects your strength (+2).
   rC:        It protects you from cold.
   rCorr:     It protects you from acid and corrosion.
 R - a ring of protection from cold (right hand)
Wands
 p - a wand of flame (4) (quivered)
 y - a wand of paralysis (20)
Scrolls
 e - a scroll of noise {unknown}
 g - 2 scrolls of fear {unknown}
 j - 2 scrolls of acquirement {unknown}
 k - a scroll of vulnerability {unknown}
 l - 7 scrolls of teleportation
 n - 10 scrolls of identify {unknown}
 o - 3 scrolls of immolation {unknown}
 t - a scroll of summoning {unknown}
 u - 2 scrolls of fog {unknown}
 D - 2 scrolls of magic mapping {unknown}
 F - a scroll of enchant armour {unknown}
 I - a scroll of amnesia {unknown}
 L - 2 scrolls of enchant weapon {unknown}
 X - 2 scrolls of poison {unknown}
Potions
 f - 2 potions of flight {unknown}
 h - 6 potions of curing {unknown}
 i - 3 potions of haste {unknown}
 w - a potion of magic {unknown}
 x - a potion of degeneration {unknown}
 z - a potion of lignification {unknown}
 A - 3 potions of might {unknown}
 C - 6 potions of heal wounds {unknown}
 G - 3 potions of ambrosia {unknown}
 O - a potion of attraction {unknown}
 P - 2 potions of mutation {unknown}
 Q - 2 potions of cancellation {unknown}
 S - a potion of invisibility {unknown}


   Skills:
 - Level 6.1 Fighting
 + Level 12.1 Long Blades
 - Level 0.8 Throwing
 - Level 0.7 Armour
 - Level 8.2 Dodging
 - Level 8.4 Spellcasting
 - Level 3.0 Translocations
 - Level 3.9 Evocations


You had 7 spell levels left.
You knew the following spells:

 Your Spells              Type           Power      Damage    Failure   Level
a - Blink                 Tloc           26%        N/A       7%          2
b - Vhi's Electric Charg  Tloc/Air       18%        N/A       26%         3
c - Wereblood             Tmut           5%         N/A       24%         2
d - Manifold Assault      Tloc           13%        N/A       41%         4
e - Mephitic Cloud        Conj/Pois/Air  5%         N/A       43%         3
f - Confusing Touch       Hex            5%         N/A       43%         3
g - Kindle Blastsparks    Fire/Tloc/Air  16%        2d11      30%         3

Your spell library contained the following spells:

 Spells                   Type           Power      Damage    Failure   Level
 Lesser Beckoning         Tloc           26%        N/A       7%          2
 Teleport Other           Tloc           13%        N/A       14%         3
 Beastly Appendage        Tmut           10%        N/A       16%         1
 Magic Dart               Conj           20%        1d4       16%         1
 Slow                     Hex            20%        N/A       16%         1
 Summon Small Mammal      Summ           20%        N/A       16%         1
 Call Imp                 Summ           5%         N/A       24%         2
 Call Canine Familiar     Summ           5%         N/A       43%         3
 Ignite Poison            Fire/Tmut/Pois 5%         N/A       43%         3
 Inner Flame              Hex/Fire       5%         N/A       43%         3
 Spider Form              Tmut/Pois      5%         N/A       43%         3
 Summon Guardian Golem    Hex/Summ       5%         N/A       43%         3
 Vampiric Draining        Necr           5%         2d6       43%         3
 Cause Fear               Hex            2%         N/A       83%         4
 Freezing Cloud           Conj/Ice/Air   2%         6-21      99%         5
 Discord                  Hex            2%         N/A       100%        8


Dungeon Overview and Level Annotations

Branches:
Dungeon (9/15)             Temple (1/1) D:5            Lair (0/5) D:8
    Orc (1/2) D:9          Bailey (visited)

Altars:
Ashenzari
Cheibriados
Dithmenos
Elyvilon
Fedhas
Gozag
Hepliaklqana
Kikubaaqudgha
Makhleb
Nemelex Xobeh
Okawaru
Qazlal
Ru
Sif Muna
Trog
Uskayaw
Vehumet
Wu Jian
Xom
Yredelemnul
Zin
The Shining One


Innate Abilities, Weirdness & Mutations

You have razor-sharp teeth.
Your natural rate of healing is unusually fast.
When hurt, damage is shared between your health and your magic reserves.
Your bite disrupts and absorbs the magic of your enemies.
Potions cannot restore your health.


Message History

You kill the orc!
The Council accepts your kill.
You spin and attack the orc repeatedly.
You slash the orc!
You kill the orc!
The Council accepts your kill.
The orc priest hits you but does no damage.
You spin and attack the orc warrior.
You hit the orc warrior but do no damage.
You bite the orc warrior. You drain its power.
You feel invigorated.
The orc warrior is lightly wounded.
You spin and attack the orc priest.
You hit the orc priest.
The orc priest is lightly wounded.
The orc priest hits you with a +0 short sword.
* * * LOW HITPOINT WARNING * * *
The orc warrior hits you with a +1 heavy hand axe!
* * * LOW HITPOINT WARNING * * *
You spin and attack the orc.
You hit the orc.
The orc is moderately wounded.
The orc misses you.
Unknown command.
You spin and attack the orc.
You hit the orc but do no damage.
The orc is moderately wounded.
You spin and attack the orc priest.
You closely miss the orc priest.
The orc priest is lightly wounded.
You spin and attack the orc warrior repeatedly.
You slash the orc warrior!
The orc warrior is heavily wounded.
You hit the orc warrior.
You bite the orc warrior, but do no damage.
The orc warrior is heavily wounded.
You spin and attack the orc warrior.
You closely miss the orc warrior.
The orc warrior is heavily wounded.
You spin and attack the orc.
You hit the orc but do no damage. You bite the orc.
You kill the orc!
The Council accepts your kill.
The orc warrior hits you with a +1 heavy hand axe!
* * * LOW HITPOINT WARNING * * *
The orc warrior hits you from afar with a +0 glaive!
You die...

##......#
##............
#......##
.......#....
##.#...###
.....######
#...#.##.## #..##
##.###....## ...#
###...)o#)##...#
##......o...#..#
#.....oo.o.....#
##.#...@#....)......
#...#.##............
##...# #............
##.# #.............
## ##.......#....
#............
##.....#...>. #.#...


You could see 2 orc warriors, an orc priest and 2 orcs.

Vanquished Creatures
  An orc warlord (Bailey)
  2 orc knights (Bailey)
  3 trolls
  3 polar bears (D:8)
  Sigmund (D:2)
  6 yaks
  2 unseen horror simulacra (D:8)
  2 wargs (D:9)
  A water moccasin (D:7)
  An acid dragon (D:9)
  2 sky beasts (D:7)
  15 orc warriors
  3 ice beasts
  A wolf (D:8)
  7 ogres
  4 centaurs (D:9)
  A phantom (D:6)
  3 kobold brigands
  5 bullfrogs
  4 scorpions
  A hornet simulacrum (D:8)
  4 killer bees (D:9)
  A howler monkey (D:9)
  2 electric eels (D:8)
  2 jellies
  3 orc priests (D:8)
  5 hounds
  5 gnoll boudas
  4 iguanas
  15 orc wizards
  3 centaur simulacra (D:8)
  2 killer bee simulacra (D:8)
  6 adders
  22 gnolls
  A shadow imp (D:6)
  4 white imps
  2 howler monkey simulacra (D:8)
  An ufetubus (D:7)
  A worm (D:2)
  4 dart slugs
  33 orcs
  5 ball pythons
  11 endoplasms
  25 goblins
  9 hobgoblins
  3 quokkas
  8 bats
  4 frilled lizards
  14 kobolds
  4 rats (D:2)
271 creatures vanquished.

Vanquished Creatures (others)
  An orc wizard (D:9)
  4 fungi (D:9)
  5 plants
10 creatures vanquished.

Grand Total: 281 creatures vanquished

Notes
Turn   | Place    | Note
-------+----------+-------------------------------------------
     0 | D:1      | Leeroy the Vine Stalker Warper began the quest for the Orb.
     0 | D:1      | Reached XP level 1. HP: 11/11 MP: 4/4
    27 | D:1      | Reached skill level 2 in Long Blades
   168 | D:1      | Reached XP level 2. HP: 12/15 MP: 6/6
   359 | D:1      | Found a faded altar of an unknown god.
   651 | D:2      | Reached skill level 3 in Long Blades
   658 | D:2      | Reached XP level 3. HP: 12/18 MP: 7/7
   723 | D:2      | Identified the +10 spear of the Distant Future {venom,
                  | Str+2 Int+4}
  1018 | D:2      | Gained mutation: Your natural rate of healing is unusually
                  | fast. [Vine Stalker growth]
  1018 | D:2      | Reached XP level 4. HP: 21/23 MP: 8/8
  1022 | D:2      | Noticed Sigmund
  1032 | D:2      | Killed Sigmund
  1033 | D:2      | Reached XP level 5. HP: 5/30 MP: 1/9
  1552 | D:3      | Reached XP level 6. HP: 7/35 MP: 2/10
  1555 | D:3      | Reached skill level 5 in Fighting
  2117 | D:4      | Reached XP level 7. HP: 39/39 MP: 11/14
  2413 | D:5      | Entered Level 5 of the Dungeon
  2425 | D:5      | Found a faded altar of an unknown god.
  2454 | D:5      | Reached skill level 5 in Spellcasting
  2639 | D:5      | Found a blossoming altar of Fedhas.
  2707 | D:5      | Gained mutation: You have razor-sharp teeth. [Vine Stalker
                  | growth]
  2707 | D:5      | Reached XP level 8. HP: 35/43 MP: 14/18
  2776 | D:5      | Found a staircase to the Ecumenical Temple.
  2785 | Temple   | Entered the Ecumenical Temple
  3124 | D:5      | Found a hide-covered altar of Uskayaw.
  3248 | D:5      | Noticed a troll
  3254 | D:5      | Killed a troll
  3535 | D:6      | Learned a level 2 spell: Blink
  3539 | D:6      | Learned a level 3 spell: Vhi's Electric Charge
  3542 | D:6      | Learned a level 2 spell: Wereblood
  3547 | D:6      | Learned a level 4 spell: Manifold Assault
  3551 | D:6      | Learned a level 3 spell: Mephitic Cloud
  3555 | D:6      | Learned a level 3 spell: Confusing Touch
  3897 | D:6      | Reached skill level 4 in Long Blades
  4323 | D:7      | Found an opulent altar of Gozag.
  4328 | D:7      | Reached skill level 5 in Long Blades
  4328 | D:7      | Reached XP level 9. HP: 47/47 MP: 22/22
  4346 | D:7      | Found a stormy altar of Qazlal.
  4398 | D:7      | Reached skill level 6 in Long Blades
  4420 | D:7      | Found an ancient bone altar of Kikubaaqudgha.
  4422 | D:7      | Found an iron altar of Okawaru.
  4435 | D:7      | Found an ornate altar of the Wu Jian Council.
  4443 | D:7      | Became a worshipper of the Wu Jian Council
  4449 | D:7      | Found a sacrificial altar of Ru.
  4462 | D:7      | Found a radiant altar of Vehumet.
  4478 | D:7      | Found a flagged portal.
  4498 | D:7      | Reached skill level 7 in Long Blades
  4522 | Bailey   | Entered a bailey
  4578 | Bailey   | Noticed an orc knight
  4583 | Bailey   | Reached skill level 8 in Long Blades
  4584 | Bailey   | Reached * piety under Wu Jian
  4625 | Bailey   | Killed an orc knight
  4749 | Bailey   | Reached skill level 9 in Long Blades
  4760 | Bailey   | Reached XP level 10. HP: 25/51 MP: 9/23
  4840 | Bailey   | Noticed an orc knight
  4876 | Bailey   | Killed an orc knight
  4920 | Bailey   | Reached skill level 10 in Long Blades
  5061 | Bailey   | Noticed an orc warlord
  5065 | Bailey   | Identified the ring of Lilacs {rC+ rCorr Str+2}
  5227 | Bailey   | Reached skill level 1 in Evocations
  5331 | Bailey   | Reached ** piety under Wu Jian
  5382 | Bailey   | Killed an orc warlord
  5481 | Bailey   | Reached XP level 11. HP: 55/55 MP: 24/24
  6458 | D:8      | Learned a level 3 spell: Kindle Blastsparks
  6943 | D:8      | Found a staircase to the Lair.
  6974 | D:8      | Reached *** piety under Wu Jian
  7134 | D:8      | Found a glowing golden altar of the Shining One.
  7216 | D:8      | Reached skill level 11 in Long Blades
  7624 | D:9      | Found a staircase to the Orcish Mines.
  7691 | D:9      | Reached XP level 12. HP: 61/61 MP: 25/25
  8697 | Orc:1    | Entered Level 1 of the Orcish Mines
  8787 | Orc:1    | Reached **** piety under Wu Jian
  8805 | Orc:1    | Reached skill level 12 in Long Blades
  9031 | Orc:1    | Slain by an orc warrior

Illustrated notes

Levels and vault maps discovered:
D:1:      erik_arrival_orb_chamber, layout_basic,
          hellmonk_ecumenical_altar_crossroads, st_stairs_9,
          dreamdust_wishing_well
D:2:      layout_loops_ring, serial_bayou_pond_d, uniq_sigmund
D:3:      layout_basic, minmay_misc_feat_four_crosses
D:4:      layout_rooms
D:5:      layout_cave_pools, mainiacjoe_overflow_alcove_2,
          amcnicky_altar_gilded, minmay_temple_entry_stoned_glass,
          serial_column_ruins, column_ruins_hut, column_ruins_temple_circle,
          column_ruins_columns_corner, column_ruins_open_tiny,
          column_ruins_grid_4, column_ruins_open_tiny, kennysheep_generic_room_4
D:6:      layout_gridville, serial_bayou_pond_c
D:7:      layout_loops_ring, mainiacjoe_overflow_large_starburst,
          minmay_overflow_temple_star_hex, enter_bailey_5,
          chequers_serial_rivers_room_a
D:8:      layout_basic, mainiacjoe_overflow_six_doors_small, lair_entry_dummy,
          serial_ice, serial_ice_i, serial_ice_e, serial_ice_n, serial_ice_m,
          serial_ice_d, serial_ice_o, serial_ice_g, grunt_decor_cap
D:9:      kennysheep_seaside_town, layout_loops_corners,
          minmay_orc_entry_guard_dogs
Temple:   nicolae_temple_slightly_damp_pantheon
Orc:1:    layout_caves, basic_altar, minmay_shop_enchanted_jewellery

Skill      XL: |  1  2  3  4  5  6  7  8  9 10 11 12 |
---------------+-------------------------------------+-----
Long Blades    | 2 3 5 9 10 11 12 | 12.1
Fighting       | 2 4 5 6 |  6.1
Spellcasting   | 4 6 8 |  8.4
Evocations     | 3 |  3.9
Dodging        | 8 |  8.2
Throwing       | |  0.8
Armour         | |  0.7
Translocations | |  3.0

Action                     |  1- 3 |  4- 6 |  7- 9 | 10-12 || total
---------------------------+-------+-------+-------+-------++-------
  Melee: Falchion          |    64 |       |       |       ||    64
         Bite              |    17 |     3 |    59 |   172 ||   251
         Spear             |    27 |    43 |   210 |    90 ||   370
         Punch             |     1 |     1 |     3 |     5 ||    10
         Scimitar          |       |       |       |   373 ||   373
         Dagger            |       |       |       |    48 ||    48
         Battleaxe         |       |       |       |     4 ||     4
  Throw: Boomerang         |       |     1 |       |       ||     1
   Cast: Blink             |       |       |     3 |     8 ||    11
Ability: Whirlwind         |       |       |     1 |    52 ||    53
         Lunge             |       |       |     1 |    29 ||    30
         Wall Jump         |       |       |       |     2 ||     2
  Evoke: Wand              |       |       |     6 |     6 ||    12
    Use: Scroll            |       |       |     1 |     2 ||     3
         Potion            |       |       |       |     1 ||     1
   Stab: Distracted        |     1 |       |       |       ||     1
         Sleeping          |       |     1 |     4 |     2 ||     7
         Paralysed         |       |       |       |     8 ||     8
 Armour: Leather armour    |    29 |    13 |     4 |       ||    46
         Troll leather arm |       |       |    30 |    78 ||   108
  Dodge: Dodged            |    61 |    16 |   109 |   367 ||   553

Table legend: (Time is in decaauts)
 A = Elapsed time spent in this place.
 B = Non-inter-level travel time spent in this place.
 C = Inter-level travel time spent in this place.
 D = Time resting spent in this place.
 E = Time spent auto-exploring this place.
 F = Levels seen in this place.
 G = Mean time per level.
                   A        B        C        D        E       F      G
               +--------+--------+--------+--------+--------+-----+--------+
         Total |   9018 |   8621 |    397 |    421 |   5919 |  12 |  751.5 |
       Dungeon |   7498 |   7119 |    379 |    326 |   5257 |   9 |  833.1 |
        Temple |    183 |    165 |     18 |      0 |    152 |   1 |  183.0 |
  Orcish Mines |    322 |    322 |      0 |     83 |    120 |   1 |  322.0 |
        Bailey |   1013 |   1013 |      0 |     12 |    390 |   1 | 1013.0 |
               +--------+--------+--------+--------+--------+-----+--------+

Top non-repeatable levels by time:
     D:9: 1395 daAuts
     D:8: 1281 daAuts
  Bailey: 1013 daAuts
     D:6: 937 daAuts
     D:5: 800 daAuts
     D:3: 696 daAuts
     D:2: 691 daAuts
     D:7: 654 daAuts
     D:1: 567 daAuts
     D:4: 474 daAuts
   Orc:1: 322 daAuts
  Temple: 183 daAuts
